 Dungeon Crawl Stone Soup version 0.29-a0-322-g68df515428 (webtiles) character file.

Game seed: 12293900432105841619

11 jt the Sneak (level 2, -7/27 HPs)
             Began as a Deep Dwarf Delver on Apr 6, 2022.
             Mangled by an ice beast (13 damage)
             ... on level 4 of the Dungeon.
             The game lasted 00:01:01 (81 turns).

jt the Sneak (Deep Dwarf Delver)                      Turns: 81, Time: 00:01:01

Health: -7/27      AC:  3    Str: 15    XL:     2   Next: 17%
Magic:  2/2        EV: 12    Int: 10    God:
Gold:   0          SH:  0    Dex: 14    Spells: 1/1 levels left

rFire   . . .      SeeInvis .   a - +0 hand axe
rCold   . . .      Faith    .   (no shield)
rNeg    . . .      Spirit   .   b - +0 leather armour
rPois   .          Reflect  .   (no helmet)
rElec   .          Harm     .   (no cloak)
rCorr   .          Rampage  .   (no gloves)
Will    .....                   (no boots)
Stlth   +++.......              (no amulet)
HPRegen 0.00/turn               (no ring)
MPRegen 0.08/turn               (no ring)

@: no status effects
A: damage resistance, heal wounds, sense surroundings 1, no regeneration
a: Heal Wounds


You were on level 4 of the Dungeon.
You visited 1 branch of the dungeon, and saw 2 of its levels.

Inventory:

Hand Weapons
 a - a +0 hand axe (weapon)
 d - a +0 trident
Missiles
 f - 3 silver boomerangs
Armour
 b - a +0 leather armour (worn)
Wands
 g - a wand of digging (3)
Scrolls
 c - a scroll of fog


   Skills:
 - Level 2.6 Fighting
 + Level 3.2 Axes
 - Level 2.1 Dodging
 - Level 6.0 Stealth


You had one spell level left.
You didn't know any spells.
Your spell library was empty.

Dungeon Overview and Level Annotations

Branches:
Dungeon (5/15)             Temple (0/1) D:4

Altars:
Okawaru
Wu Jian


Innate Abilities, Weirdness & Mutations

You are resistant to damage.
You can heal yourself by infusing magical energy.
You passively map a small area around you.
You do not regenerate.


Message History

The orc wizard misses you.
You hear the slow hiss of a distant avalanche of sand.
You closely miss the orc wizard.
You feel less confused.
The orc wizard points at you and mumbles some strange words.
You resist with some effort.
You closely miss the orc wizard. The orc wizard barely misses you.
You closely miss the orc priest. You barely miss the orc wizard.
The orc priest mumbles some strange prayers to Beogh against you.
Beogh smites you! The orc wizard misses you.
You feel much better.
The orc priest hits you but does no damage.
The orc wizard barely misses you.
You closely miss the orc wizard. You closely miss the orc priest.
The orc priest hits you with a +0 short sword of freezing.
The orc priest freezes you. The orc wizard barely misses you.
You barely miss the orc wizard. You closely miss the orc priest.
The orc priest closely misses you. The orc wizard misses you.
Okay, then.
You hit the orc wizard but do no damage.
You barely miss the ice beast. You hit the orc priest.
The ice beast closely misses you.
The orc priest hits you with a +0 short sword of freezing!
The orc priest freezes you. The orc wizard misses you.
The orc wizard hits you with a +0 dagger.
The orc priest hits you but does no damage.
The ice beast barely misses you.
Okay, then.
You hit the orc wizard but do no damage.
You hit the orc priest. You completely miss the ice beast.
The orc priest hits you with a +0 short sword of freezing.
The orc priest freezes you.
The orc wizard hits you with a +0 dagger.
The ice beast hits you. The ice beast freezes you!
* * * LOW HITPOINT WARNING * * *
You barely miss the orc wizard.
You hit the orc priest but do no damage.
You hit the ice beast but do no damage. The ice beast hits you.
The ice beast freezes you!
You die...

+,*,,,,*,,,**
,,*,,,,*,,,,***
,,*,,,,,,,,,,,*
,,,,,,,,#..,,,*
,,,,,,,,#...,**
*,,,*,,.#...**
,,,***.....Y## ###
,............###.#
,#.).).#..#...#Y@#####
##.._..##.##...oo....#######
.#.).).#..##....†..........#
o.............###..........*
.o.###.......##8###....#.#,*
..os#....#..##...##...##,,**
...o..o.###.#8...8#...#****
...####.o..##.....##.##
...#####..o#8.._.....#


You could see an ice beast, an orc priest and an orc wizard.

Vanquished Creatures
  An adder (D:4)
  An orc (D:4)
2 creatures vanquished.

Notes
Turn   | Place    | Note
-------+----------+-------------------------------------------
     0 | D:5      | jt the Deep Dwarf Delver began the quest for the Orb.
     0 | D:5      | Reached XP level 1. HP: 20/20 MP: 1/1
     5 | D:4      | Noticed a scorpion
     5 | D:4      | Noticed an ice beast
     9 | D:4      | Noticed an orc wizard
    10 | D:4      | Noticed an orc wizard
    12 | D:4      | Noticed an orc priest
    17 | D:4      | Found an iron altar of Okawaru.
    36 | D:4      | Found an ornate altar of the Wu Jian Council.
    50 | D:4      | Reached XP level 2. HP: 27/27 MP: 2/2
    81 | D:4      | Mangled by an ice beast

Illustrated notes

Levels and vault maps discovered:
D:4:      layout_cave_pools, okawaru_ov_weapons_minmay, jmf_multi_god_temple,
          nzn_wu_jian_council_hall, hangedman_ru_absence,
          minmay_temple_entry_mini_moons, enter_ossuary_2,
          minmay_pentomino_pile, uniq_duvessa
D:5:      lemuel_ice_spiral_2, layout_rooms,
          nicolae_uskayaw_murder_on_the_dancefloor

Skill      XL: |  1 |
---------------+----+-----
Axes           | 3 |  3.2
Fighting       | |  2.6
Dodging        | |  2.1
Stealth        | |  6.0

Action                   || total
-------------------------++-------
Melee: Hand axe          ||    20
 Abil: Heal Wounds       ||     1
  Use: Scroll            ||     2
       Potion            ||     1
Armor: Leather armour    ||     6
Dodge: Dodged            ||    18

Table legend: (Time is in decaauts)
 A = Elapsed time spent in this place.
 B = Non-inter-level travel time spent in this place.
 C = Inter-level travel time spent in this place.
 D = Time resting spent in this place.
 E = Time spent auto-exploring this place.
 F = Levels seen in this place.
 G = Mean time per level.
                   A        B        C        D        E       F      G
               +--------+--------+--------+--------+--------+-----+--------+
         Total |     65 |     65 |      0 |      0 |      0 |   2 |   32.5 |
       Dungeon |     65 |     65 |      0 |      0 |      0 |   2 |   32.5 |
               +--------+--------+--------+--------+--------+-----+--------+

Top non-repeatable levels by time:
     D:4: 60 daAuts
     D:5: 5 daAuts
